AoeStats
← Ugomez

Nomad

510168033Analyzed
3v3 RM · 2d ago on Sep 29, 2026· 73m 58s· 6 players
Game mode
Random Map
Map size
210×210
Population
200
Speed
Normal
Resources
Standard
Victory
Conquest
Starting age
Dark Age
Ending age
Imperial Age
RankedLock teamsTeams togetherTeam positionsShared explorationLock speedFull tech treeHidden civsTurbo modeCheats
Victory
Defeat
🇺🇸 Japanese · United States
801
+12
🇺🇸 Bengalis · United States
726
+16
🇺🇸 Dravidians · United States
670
+17
🇪🇸 Spanish · Spain
769
-17
🇪🇸 Franks · Spain
765
-46
🇪🇸 Sicilians · Spain
615
-11
Ugomez
10:52 Loom
13:11 Feudal Age
16:04 Double-Bit Axe
21:35 Scale Barding Armor
26:52 Gold Mining
29:51 Castle Age
30:19 Forging
35:17 Gold Shaft Mining
44:09 Light Cavalry
49:32 Imperial Age
49:03 Husbandry
49:29 Chain Barding Armor
49:45 Iron Casting
51:04 Bow Saw
50:34 Cavalier
52:39 Plate Barding Armor
59:50 Paladin
63:16 Wheelbarrow
72:31 Hand Cart
Lima3
15:33 Feudal Age
15:09 Loom
18:04 Wheelbarrow
17:52 Double-Bit Axe
20:11 Fishing Lines
24:02 Castle Age
23:40 Scale Barding Armor
28:56 Gillnets
32:46 Forging
35:57 Gold Mining
37:59 Ballistics
41:05 Bow Saw
41:54 Bloodlines
41:07 Light Cavalry
41:48 Husbandry
44:43 Siphons
44:54 Clinker Construction
45:00 Careening
47:44 Imperial Age
45:40 Horse Collar
50:44 Chemistry
51:27 Shipwright
56:02 Two-Man Saw
60:20 Elite Cannon Galleon
SeTaZ
18:09 Feudal Age
20:48 Fishing Lines
26:47 Double-Bit Axe
27:25 Man-at-Arms
30:25 Gold Mining
34:05 Castle Age
34:18 Forging
34:09 Scale Mail Armor
35:44 Iron Casting
34:59 Fletching
37:45 Arson
42:08 Pikeman
42:49 Squires
50:31 Imperial Age
49:10 Chain Mail Armor
49:02 Scale Barding Armor
50:05 Ballistics
49:56 Masonry
49:43 Murder Holes
49:40 Heated Shot
49:59 Gillnets
51:32 Medium Warships
50:51 Demolition Ship
51:59 Bow Saw
52:30 Gold Shaft Mining
54:53 Blast Furnace
54:24 Plate Mail Armor
55:57 Chemistry
58:21 Elite Serjeant
62:38 Heavy Warships
61:34 Heavy Demolition Ship
61:56 Capped Ram
63:35 First Crusade
runswithbeer644
6:31 Loom
6:48 Loom
14:37 Feudal Age
15:37 Double-Bit Axe
16:33 Wheelbarrow
16:41 Fishing Lines
23:14 Castle Age
22:12 Fletching
23:02 Forging
24:23 Gambesons
24:39 Squires
24:03 Pikeman
24:49 Scale Mail Armor
27:54 Arson
29:25 Iron Casting
29:56 Hand Cart
30:38 Stone Mining
31:29 Thumb Ring
31:44 Gold Mining
33:39 Chain Mail Armor
35:16 Gillnets
36:44 Bodkin Arrow
38:17 Padded Archer Armor
38:24 Scale Barding Armor
41:20 Imperial Age
39:15 Bow Saw
40:36 Medical Corps
43:24 Two-Man Saw
43:51 Blast Furnace
43:39 Plate Mail Armor
43:11 Bracer
46:15 Halberdier
49:33 Horse Collar
50:15 Heavy Plow
58:27 Man-at-Arms
59:13 Long Swordsman
60:32 Two-Handed Swordsman
61:25 Husbandry
60:49 Light Cavalry
63:05 Conscription
63:26 Wootz Steel
63:54 Chain Barding Armor
64:25 Champion
66:52 Caravan
67:08 Guilds
74:53 Ballistics
75:34 Chemistry
theTipsyAviator
4:04 Loom
16:28 Feudal Age
17:58 Double-Bit Axe
18:03 Fishing Lines
20:56 Castle Age
19:20 Gold Mining
19:47 Forging
19:38 Scale Mail Armor
19:08 Man-at-Arms
21:17 Long Swordsman
23:37 Iron Casting
25:18 Gold Shaft Mining
26:04 Chain Mail Armor
26:41 Arson
27:04 Gillnets
30:35 Wheelbarrow
32:41 Pikeman
33:23 Squires
34:52 Ballistics
34:29 Murder Holes
36:14 Yasama
36:51 Bow Saw
37:15 Thumb Ring
36:31 Crossbowman
40:25 Imperial Age
38:26 Fletching
38:37 Padded Archer Armor
42:23 Halberdier
44:18 Arbalester
47:52 Blast Furnace
46:48 Bodkin Arrow
47:21 Conscription
48:09 Guard Tower
49:21 Chemistry
53:07 Kataparuto
53:49 Medium Warships
54:15 Bracer
54:31 Leather Archer Armor
54:47 Plate Mail Armor
57:45 Heavy Warships
60:36 Caravan
62:02 Keep
61:13 Arrowslits
61:33 Siege Engineers
61:42 Clinker Construction
61:39 Stone Mining
62:53 Two-Man Saw
61:39 Horse Collar
63:04 Ring Archer Armor
62:40 Scale Barding Armor
63:11 Careening
65:31 Elite Samurai
68:37 Fortified Wall
68:40 Masonry
70:32 Elite Skirmisher
Cdubs33
8:14 Loom
18:40 Feudal Age
19:08 Double-Bit Axe
19:04 Horse Collar
21:03 Fishing Lines
27:29 Castle Age
26:24 Forging
27:26 Arson
30:44 Gillnets
32:23 Fletching
32:33 Padded Archer Armor
33:09 Iron Casting
32:35 Scale Mail Armor
32:41 Scale Barding Armor
33:38 Wheelbarrow
32:49 Town Watch
33:41 Bloodlines
34:33 Paiks
34:00 Elite Skirmisher
34:27 Gambesons
35:39 Bodkin Arrow
37:03 Bow Saw
38:46 Hand Cart
38:54 Leather Archer Armor
40:29 Chain Barding Armor
41:30 Husbandry
42:21 Ballistics
42:14 Masonry
41:56 Guard Tower
45:05 Murder Holes
45:39 Squires
45:00 Pikeman
53:09 Imperial Age
53:45 Gold Mining
53:56 Stone Mining
54:13 Elite Ratha (Ranged)
55:14 Conscription
60:37 Chemistry
59:43 Siege Engineers
60:08 Architecture
60:15 Keep
59:26 Arrowslits
60:22 Plate Barding Armor
60:48 Blast Furnace
59:49 Bracer
60:20 Ring Archer Armor
59:18 Elite Battle Elephant
59:20 Siege Elephant
60:28 Mahayana
62:19 Two-Man Saw
61:22 Heavy Plow
73:17 Halberdier
Connection lost

Rejoining the realm…

Still unreachable

The connection could not be restored.

Session expired

The server has moved on; the page needs a fresh start.